 Dungeon Crawl Stone Soup version 0.19-b1-5-gdc9fa9d (webtiles) character file.

5670 Chiseanne the Fighter (level 10, -6/80 HPs)
             Began as a Mummy Artificer on Oct 31, 2016.
             Was an Initiate of Gozag.
             Mangled by an orc warrior
             ... wielding a +0 long sword
              (18 damage)
             ... on level 10 of the Dungeon.
             The game lasted 00:33:36 (13747 turns).

Chiseanne the Fighter (Mummy Artificer)            Turns: 13747, Time: 00:33:37

Health: -6/80      AC: 15    Str: 22    XL:     10   Next: 47%
Magic:  13/13      EV: 14    Int: 16    God:    Gozag
Gold:   748        SH:  0    Dex: 17    Spells: 0 memorised, 9 levels left

rFire  . . .     SeeInvis .     a - +5 battleaxe of Anaph {elec, rC- Str+7 Int+6}
rCold  x . .     Gourm    .     k - +1 scale mail
rNeg   + + +     Faith    .     (shield currently unavailable)
rPois  ∞         Spirit   .     z - +1 hat
rElec  .         Reflect  .     m - +2 cloak
rCorr  .         Harm     +     J - +0 pair of gloves
MR     ++...                    E - +0 pair of boots (curse)
Stlth  ..........               h - amulet of harm
                                p - ring of fire
                                l - ring of protection from magic

@: no status effects
A: no food or potions, fire vulnerability, cold resistance 1, negative energy
resistance 3, torment resistance, unbreathing
a: Potion Petition, Call Merchant, Bribe Branch, Renounce Religion


You were on level 10 of the Dungeon.
You worshipped Gozag.
Gozag was pleased with you.
You were not hungry.

You visited 2 branches of the dungeon, and saw 11 of its levels.
You also visited: Sewer.

You collected 1287 gold pieces.
You spent 56 gold pieces at shops.
You paid 483 gold pieces to Gozag.

Inventory:

Hand Weapons
 a - the +5 battleaxe of Anaph (weapon) {elec, rC- Str+7 Int+6}
   (You found it on level 4 of the Dungeon)

   Occasionally, upon striking a foe, it will discharge some electrical energy
   and cause terrible harm.
   It affects your strength (+7).
   It affects your intelligence (+6).
   It makes you vulnerable to cold.
 w - a +3 blowgun
Missiles
 b - 39 sling bullets
 e - 5 curare-tipped needles
 g - 78 bolts
 i - 216 stones (quivered)
 j - 86 poisoned needles
 r - 3 needles of sleeping
 C - 81 arrows
 I - 2 throwing nets
Armour
 k - a +1 scale mail (worn)
 m - a +2 cloak (worn)
 z - a +1 hat (worn)
 E - a cursed +0 pair of boots (worn)
 H - a +2 shield
 J - a +0 pair of gloves (worn)
Magical Staves
 A - an uncursed staff of fire
Jewellery
 f - an uncursed amulet of guardian spirit
 h - an amulet of harm (around neck)
 l - a ring of protection from magic (left hand)
 p - a ring of fire (right hand)
 t - an uncursed amulet of regeneration
Wands
 d - a wand of enslavement (11/24)
 y - a wand of acid (1/15)
 D - a wand of lightning (5/15)
Scrolls
 c - 5 scrolls of identify
 n - 2 scrolls of immolation
 q - a scroll of blinking
 s - 4 scrolls of remove curse
 u - 6 scrolls of recharging
 v - 2 scrolls of magic mapping
 x - 6 scrolls of teleportation
 B - 2 scrolls of enchant armour
 G - 2 scrolls of enchant weapon
Books
 o - a book of Cantrips

   Spells                             Type                      Level
   a - Confusing Touch                Hexes                        1
   b - Animate Skeleton               Necromancy                   1
   c - Summon Small Mammal            Summoning                    1
   d - Apportation                    Translocation                1
 F - a book of Enchantments

   Spells                             Type                      Level
   a - Cause Fear                     Hexes                        4
   b - Yara's Violent Unravelling     Hexes/Transmutation          5
   c - Silence                        Hexes/Air                    5
   d - Deflect Missiles               Charms/Air                   6
   e - Discord                        Hexes                        8


   Skills:
 * Level 8.2 Fighting
   Level 0.7 Short Blades
 * Level 5.3 Axes
 * Level 6.8 Armour
 * Level 5.8 Dodging
 - Level 0.7 Stealth
 - Level 4.9 Evocations


You had 9 spell levels left.
You didn't know any spells.

Dungeon Overview and Level Annotations

Branches:
Dungeon (10/15)            Temple (1/1) D:7            Lair (0/6) D:10
    Orc: D:9-12

Altars:
Ashenzari
Cheibriados
Dithmenos
Elyvilon
Fedhas
Gozag
Hepliaklqana
Kikubaaqudgha
Makhleb
Nemelex Xobeh
Okawaru
Qazlal
Ru
Sif Muna
Trog
Uskayaw
Vehumet
Xom
Yredelemnul
Zin
The Shining One
Lugonu

Shops:
D:7 }   D:8 }}   D:9 *


Innate Abilities, Weirdness & Mutations

You do not eat or drink.
Your flesh is vulnerable to fire.
You are immune to poison.
Your flesh is cold resistant. (rC+)
You are immune to negative energy. (rN+++)
You are immune to unholy pain and torment.
You can survive without breathing.


Message History

The orc warrior is heavily wounded.
The orc priest looks encouraged for a moment.
The orc warrior hits you but does no damage.
You slash the orc warrior!
The orc warrior is almost dead.
The orc is no longer distracted by gold.
The orc warrior hits you but does no damage.
You barely miss the orc warrior.
The orc warrior is almost dead.
The orc warrior is distracted by the nearby gold.
You barely miss the orc warrior.
The orc warrior is no longer distracted by gold.
The orc warrior shouts!
The orc warrior is almost dead.
The orc priest invokes the aid of Beogh against you.
Beogh smites you!
* * * LOW HITPOINT WARNING * * *
The orc warrior hits you with a long sword!
You die...
Your body crumbles into a pile of gold.

$ . .... .## #...# ..##.....
#######.#...... +[....#?#......
#.....#........ #.....#oo......
#.....#oo...>.. #.....@#...o...
#......#..P.... #......##......
#.....## ...... #.....####.....
#.......# #...#
#########.....### #.#######+##
#.............# ..........
#.............+................


You could see an orc warrior, an orc priest and 2 orcs.

Vanquished Creatures
  Pikel (D:5)
  A cyclops (D:8)
  A centaur zombie (D:1)
  An orc warrior (D:8)
  Prince Ribbit (D:7)
  Grinder (D:3)
  A spriggan (D:8)
  A steam dragon (D:9)
  2 wargs (D:10)
  2 sky beasts
  2 phantoms
  An ice beast (D:8)
  4 ogres
  2 centaurs
  8 big kobolds
  3 bullfrogs
  4 scorpions
  12 wights
  2 howler monkeys
  A bullfrog zombie (D:6)
  A crimson imp (D:9)
  5 orc priests (D:8)
  2 hounds
  2 orc wizards
  A jelly (D:6)
  3 iguanas
  2 worker ants
  A hound zombie (D:5)
  A hound skeleton (D:7)
  A worker ant zombie (D:8)
  6 gnolls
  15 adders
  2 shadow imps
  3 oozes
  An adder skeleton (D:5)
  10 worms
  A dart slug (D:3)
  7 leopard geckos
  12 orcs
  6 ball pythons
  8 bats
  3 giant cockroaches
  10 goblins
  12 hobgoblins
  12 jackals
  6 quokkas
  4 frilled lizards
  A jackal zombie (D:6)
  31 kobolds
  A leopard gecko skeleton (D:4)
  A leopard gecko zombie (D:5)
  16 rats
238 creatures vanquished.

Vanquished Creatures (collateral kills)
  A two-headed ogre (D:8)
  An orc wizard (D:8)
  A gnoll (D:4)
  2 orcs (D:8)
  A giant cockroach (D:4)
  A frilled lizard (D:1)
  2 kobolds (D:1)
  2 rats (D:1)
11 creatures vanquished.

Vanquished Creatures (others)
  A sky beast (D:5)
  A dart slug (D:1)
  A kobold (D:1)
3 creatures vanquished.

Grand Total: 252 creatures vanquished

Notes
Turn   | Place    | Note
-------+----------+-------------------------------------------
     0 | D:1      | Chiseanne the Mummy Artificer began the quest for the Orb.
     0 | D:1      | Reached XP level 1. HP: 15/15 MP: 2/2
   634 | D:1      | Reached XP level 2. HP: 20/21 MP: 3/3
   906 | D:1      | Reached XP level 3. HP: 14/26 MP: 5/5
  1090 | D:1      | Found a shimmering altar of Xom.
  2094 | D:1      | Reached skill level 1 in Armour
  3590 | D:1      | Reached skill level 2 in Fighting
  4260 | D:1      | Reached XP level 4. HP: 12/33 MP: 6/6
  5693 | D:1      | Noticed a centaur warrior zombie
  5714 | D:1      | Killed a centaur warrior zombie
  5714 | D:1      | Reached skill level 3 in Fighting
  5714 | D:1      | Reached XP level 5. HP: 30/42 MP: 6/8
  5714 | D:1      | Reached XP level 6. HP: 34/48 MP: 6/9
  6139 | D:2      | Found a sacrificial altar of Ru.
  6208 | D:2      | Reached skill level 4 in Fighting
  6473 | D:3      | Found a faded altar of an unknown god.
  6680 | D:3      | Found a stormy altar of Qazlal.
  6694 | D:3      | Noticed Grinder
  6978 | D:3      | Found a snail-covered altar of Cheibriados.
  7026 | D:3      | Killed Grinder
  7026 | D:3      | Reached XP level 7. HP: 55/55 MP: 10/10
  7918 | D:4      | Found an ancient bone altar of Kikubaaqudgha.
  8072 | D:4      | Found an iron altar of Okawaru.
  8169 | D:4      | Got a blackened battleaxe
  8176 | D:4      | Identified the +5 battleaxe of Anaph {elec, rC- Str+7 Int+6} (You found it on level 4 of the Dungeon)
  8344 | D:4      | Reached skill level 5 in Fighting
  8459 | D:4      | Found an opulent altar of Gozag.
  8462 | D:4      | Became a worshipper of Gozag Ym Sagoz the Greedy
  8563 | D:5      | Entered Level 5 of the Dungeon
  8774 | D:5      | Noticed Pikel
  8787 | D:5      | Killed Pikel
  8787 | D:5      | Reached skill level 1 in Axes
  8787 | D:5      | Reached XP level 8. HP: 33/64 MP: 11/11
  8806 | D:5      | Found a glowing drain.
  8820 | Sewer    | Entered a sewer
  9237 | Sewer    | Reached skill level 6 in Fighting
  9571 | Sewer    | Reached skill level 5 in Armour
 10058 | D:6      | Reached XP level 9. HP: 69/69 MP: 12/12
 11114 | D:7      | Found a staircase to the Ecumenical Temple.
 11114 | D:7      | Noticed Prince Ribbit
 11119 | D:7      | Killed Prince Ribbit
 11119 | D:7      | Reached skill level 7 in Fighting
 11162 | Temple   | Entered the Ecumenical Temple
 11691 | D:7      | Found a deep blue altar of Sif Muna.
 11766 | D:8      | Reached skill level 5 in Dodging
 12007 | D:8      | Noticed a cyclops
 12024 | D:8      | Killed a cyclops
 12024 | D:8      | Reached XP level 10. HP: 52/79 MP: 13/13
 12604 | D:8      | Reached skill level 5 in Axes
 12640 | D:8      | Found a hazy altar of Hepliaklqana.
 12640 | D:8      | Found a glowing silver altar of Zin.
 12649 | D:8      | Found Toesoxt's Gadget Shop.
 12788 | D:9      | Reached skill level 8 in Fighting
 13136 | D:9      | Found Fucigawn's Assorted Antiques.
 13143 | D:9      | Bought a scroll labeled KIARAOTIPY for 28 gold pieces
 13143 | D:9      | Bought a scroll labeled OSKA YBLOPP for 28 gold pieces
 13438 | D:10     | Entered Level 10 of the Dungeon
 13734 | D:10     | Found a staircase to the Lair.
 13747 | D:10     | Mangled by an orc warrior

Skill      XL: |  1  2  3  4  5  6  7  8  9 10 |
---------------+-------------------------------+-----
Dodging        | 2 3 5 |  5.8
Armour         | 1 2 3 4 5 6 |  6.8
Fighting       | 2 3 4 5 6 7 8 |  8.2
Evocations     | 3 4 |  4.9
Axes           | 1 2 4 5 |  5.3
Short Blades   | |  0.7
Stealth        | |  0.7

Action                   |  1- 3 |  4- 6 |  7- 9 | 10-12 || total
-------------------------+-------+-------+-------+-------++-------
Melee: Short sword       |   180 |   187 |    68 |       ||   435
       Spear             |       |       |   100 |       ||   100
       Battleaxe         |       |       |   184 |   105 ||   289
Throw: Tomahawk          |       |       |     4 |       ||     4
       Stone             |       |       |    19 |       ||    19
Invok: Call Merchant     |       |       |     1 |       ||     1
Evoke: Wand              |    14 |    17 |     9 |       ||    40
  Use: Scroll            |     1 |     4 |    10 |     4 ||    19
 Stab: Distracted        |       |       |       |     1 ||     1
Armor: Leather armour    |     7 |       |       |       ||     7
       Scale mail        |    76 |    81 |   148 |    42 ||   347
Dodge: Dodged            |   112 |   105 |   223 |    84 ||   524
